Map: Orbital Shipyard

Players

Nomad - Winner!

  • Race: Zerg Zerg

PerseVerAnce

  • Race: Terran Terran
  • League: Diamond

VOD

Have the link to the VOD?

Description

Banelings #1.

Time

  • Played on: Jan. 8, 2016, 4:48 p.m.
  • Length: 15:14
Show
View Real Time Build Order
Export as new Build Order

Nomad Zerg - Winner!

Build Orders: Hatch First, Muta Ling Bane 

Get SALT Encoding   

  12  0:01  Drone  
  13  0:14  Overlord  
  13  0:18  Drone  
  14  0:32  Drone x2  
  16  0:36  Drone  
  17  0:57  Hatchery  
  17  0:59  Drone x2  
  18  1:16  Spawning Pool  
  18  1:17  Drone  
  18  1:20  Extractor  
  18  1:24  Drone  
  18  1:30  Drone  
  19  1:41  Overlord  
  19  2:03  Zergling x4  
  19  2:04  Queen  
  23  2:08  Queen  
  23  2:10  Zergling x2  
  23  2:15  Drone  
  27  2:20  Drone  
  28  2:28  Metabolic Boost  
  28  2:46  Queen  
  28  2:48  Queen  
  28  2:51  Drone x4  
  35  2:59  Drone  
  35  3:02  Overlord x2  
  35  3:19  Hatchery  
  34  3:32  Drone x6  
  34  3:33  Drone x3  
  43  3:40  Extractor x2  
  41  3:41  Drone x2  
  43  3:49  Extractor  
  43  3:52  Overlord x2  
  42  3:58  Spore Crawler  
  42  4:00  Spore Crawler  
  40  4:11  Drone x2  
  40  4:12  Drone x4  
  46  4:17  Lair  
  46  4:37  Baneling Nest  
  45  4:39  Evolution Chamber x2, Drone x3  
  45  4:40  Drone  
  45  4:41  Drone  
  48  4:49  Queen  
  49  5:02  Zergling x10  
  49  5:03  Zergling x2  
  55  5:14  Drone x3  
  55  5:15  Drone x3  
  61  5:28  Spire  
  58  5:53  Drone x13  
  71  6:01  Centrifical Hooks  
  71  6:03  Zerg Ground Armor Level 1, Zerg Melee Weapons Level 1  
  71  6:05  Drone x2  
  73  6:23  Overlord x2  
  73  6:24  Overlord x3  
  73  6:26  Overlord x2, Extractor  
  73  6:28  Extractor  
  71  6:42  Overlord x2  
  71  6:43  Zerg Flyer Weapons Level 1  
  69  7:05  Drone x3  
  69  7:06  Drone x3  
  69  7:07  Mutalisk x3  
  81  7:16  Mutalisk  
  81  7:17  Mutalisk x4  
  81  7:20  Hatchery  
  90  7:25  Mutalisk x2  
  94  7:31  Spore Crawler x2  
  94  7:34  Drone x2  
  94  7:36  Spore Crawler  
  93  7:41  Hatchery  
  93  7:42  Extractor x2  
  90  7:54  Drone x2  
  90  7:55  Drone  
  90  7:56  Drone x3  
  96  8:05  Drone  
  96  8:06  Drone x4  
  96  8:08  Drone x4  
  105  8:16  Mutalisk  
  105  8:17  Spore Crawler  
  106  8:32  Zergling x6  
  106  8:33  Zergling x12  
  115  8:35  Zerg Ground Armor Level 2, Zerg Melee Weapons Level 2  
  115  8:43  Infestation Pit  
  115  8:45  Mutalisk x4  
  115  8:46  Mutalisk x5  
  132  8:53  Drone x3  
  135  9:01  Baneling x3  
  135  9:04  Baneling x12  
  135  9:05  Baneling x3  
  135  9:06  Zergling x2  
  135  9:07  Zergling x18  
  145  9:13  Overlord  
  145  9:14  Overlord  
  145  9:15  Overlord  
  145  9:22  Zergling x6  
  145  9:23  Zergling x2  
  149  9:28  Baneling x3  
  130  9:58  Drone  
  131  10:01  Drone x7  
  131  10:02  Zergling x2  
  131  10:03  Zergling x12  
  145  10:11  Overlord  
  145  10:14  Hive  
  145  10:20  Zergling x10  
  150  10:24  Extractor  
  150  10:26  Hatchery  
  148  10:29  Extractor  
  148  10:33  Drone x3  
  148  10:35  Drone x3  
  154  10:42  Zergling x2  
  154  10:43  Zergling x12  
  160  10:51  Zergling x12  
  160  10:52  Zergling x4  
  160  10:54  Pneumatized Carapace  
  168  11:02  Hatchery, Baneling x6, Extractor  
  168  11:03  Baneling x31  
  168  11:04  Baneling x5  
  166  11:05  Extractor  
  166  11:10  Zergling x10  
  166  11:11  Zergling x14  
  177  11:24  Zergling x8  
  177  11:25  Overlord x4  
  181  11:26  Overlord  
  181  11:29  Zerg Melee Weapons Level 3  
  133  11:58  Mutalisk x4  
  133  11:59  Mutalisk x8  
  157  12:04  Ultralisk Cavern  
  157  12:05  Adrenal Glands  
  156  12:12  Zerg Ground Armor Level 3  
  147  12:24  Overseer x5  
  147  12:25  Overseer  
  147  12:28  Drone x3  
  147  12:29  Drone x2  
  152  12:46  Zerg Flyer Weapons Level 2  
  152  12:50  Drone  
  152  12:51  Drone x5  
  157  12:52  Drone  
  157  12:54  Ultralisk x3  
  157  12:58  Ultralisk  
  183  13:00  Chitinous Plating  
  180  13:27  Ultralisk x3  
  198  13:40  Zergling x12  
  198  13:41  Zergling x16  
  194  13:42  Zergling x2  
  167  14:27  Mutalisk x2  
  167  14:28  Ultralisk x4  
  195  14:32  Zergling x10  
Show
View Real Time Build Order
Export as new Build Order

PerseVerAnce Terran 

Build Orders: Reaper Expand, MMM Bio 

Get SALT Encoding   

  12  0:00  SCV  
  13  0:12  SCV  
  14  0:18  Supply Depot  
  14  0:25  SCV  
  15  0:39  SCV  
  15  0:41  Barracks  
  16  0:47  Refinery  
  16  0:51  SCV  
  17  1:04  SCV  
  18  1:16  SCV  
  19  1:28  Orbital Command  
  19  1:31  Reaper  
  20  1:43  Command Center  
  20  1:54  Supply Depot, SCV  
  21  2:04  Marine  
  21  2:06  SCV  
  23  2:10  Refinery  
  23  2:18  SCV, Factory  
  24  2:30  SCV  
  25  2:49  Barracks Reactor  
  25  3:03  Starport  
  25  3:06  SCV  
  25  3:09  Orbital Command  
  26  3:18  SCV  
  26  3:19  Command Center  
  27  3:31  SCV  
  28  3:34  SCV  
  28  3:39  Barracks Tech Lab  
  29  3:42  Hellion x2  
  29  3:43  SCV  
  29  3:47  Starport Tech Lab  
  34  3:49  Barracks  
  34  3:54  Engineering Bay  
  34  3:56  Engineering Bay  
  34  4:00  Marine  
  34  4:02  Stimpack  
  35  4:03  SCV x2  
  37  4:18  SCV x2, Liberator  
  37  4:19  Fusion Core, Marine  
  40  4:25  Hellion  
  40  4:26  Hellion  
  44  4:34  SCV x2  
  44  4:37  Marine  
  50  4:43  Orbital Command  
  50  4:45  Refinery  
  50  4:46  SCV  
  50  4:48  SCV  
  50  4:52  Barracks Reactor  
  52  4:55  Refinery  
  52  4:57  Hellion  
  52  4:58  SCV  
  55  5:02  Hellion  
  55  5:04  SCV  
  58  5:10  SCV  
  58  5:13  Terran Infantry Weapons Level 1  
  59  5:16  SCV  
  59  5:18  Terran Infantry Armor Level 1  
  60  5:26  SCV  
  61  5:31  Marine  
  61  5:33  Marine  
  60  5:39  Marauder  
  56  5:43  Liberator  
  56  5:47  Hellion x2  
  56  5:48  Marine  
  61  5:56  Supply Depot  
  61  5:57  Supply Depot  
  61  5:59  Advanced Ballistics  
  61  6:01  Marine  
  61  6:02  Marauder  
  67  6:05  SCV x2  
  67  6:10  Barracks  
  69  6:12  Barracks  
  69  6:14  Combat Shields  
  69  6:16  Barracks  
  69  6:17  SCV  
  70  6:21  Orbital Command  
  70  6:30  SCV x2, Liberator  
  72  6:35  Marine x2  
  72  6:36  Marauder  
  76  6:42  SCV  
  76  6:46  Missile Turret  
  77  6:50  Missile Turret  
  72  7:02  Marine  
  72  7:03  Marine  
  72  7:04  Marine  
  72  7:06  Barracks Reactor x2  
  75  7:11  Barracks Reactor  
  75  7:16  SCV x2  
  75  7:17  SCV  
  75  7:20  Marine  
  75  7:21  Marine x2  
  81  7:27  Supply Depot x2  
  81  7:31  Armory  
  81  7:40  SCV x3  
  84  7:46  Starport Reactor  
  84  7:47  Marine x6  
  84  7:48  Marine x2  
  84  7:49  Marauder  
  91  7:54  SCV x3  
  91  7:55  Missile Turret  
  94  8:00  Missile Turret  
  94  8:01  Missile Turret  
  94  8:06  SCV x2  
  94  8:10  Missile Turret  
  94  8:12  Missile Turret  
  96  8:15  Missile Turret, Marine  
  96  8:16  Marine x4  
  96  8:18  Missile Turret  
  101  8:22  Medivac  
  101  8:24  Medivac  
  101  8:25  Terran Infantry Weapons Level 2  
  101  8:26  Terran Infantry Armor Level 2  
  105  8:28  SCV x3  
  105  8:33  Marine  
  109  8:38  Supply Depot, Marine x5  
  109  8:39  Supply Depot, Marine x2  
  116  8:42  Liberator x2  
  116  8:43  SCV  
  117  8:48  Terran Ship Weapons Level 1  
  117  8:59  SCV x2  
  125  9:13  Marine x5  
  125  9:14  Marine x3  
  133  9:22  Supply Depot  
  133  9:23  SCV x3, Marine  
  137  9:25  Supply Depot  
  137  9:29  Widow Mine  
  137  9:30  Widow Mine  
  141  9:38  Marine x3  
  94  9:39  Marine x5  
  99  9:46  Refinery  
  99  9:48  Refinery  
  99  9:49  Liberator x2  
  97  9:55  Barracks x2  
  97  9:56  Marine  
  100  10:02  Widow Mine x2  
  100  10:03  Barracks  
  100  10:04  Barracks  
  108  10:11  Marine  
  108  10:12  Marine x7  
  108  10:14  Command Center  
  116  10:23  SCV x3  
  116  10:24  Marine  
  120  10:29  Marine  
  120  10:32  Marine  
  120  10:33  Marine x6  
  120  10:34  Widow Mine x2  
  132  10:43  Barracks Reactor  
  132  10:45  Barracks Reactor  
  132  10:48  Marine x2  
  132  10:49  Medivac x2  
  138  10:50  Barracks Reactor, Marine  
  138  10:51  Barracks Reactor  
  138  10:53  Marine x4  
  138  10:54  Marine x2  
  145  11:09  Marine  
  145  11:10  Marine  
  147  11:12  SCV x3  
  147  11:15  Supply Depot  
  147  11:17  Supply Depot, Terran Infantry Weapons Level 3, Terran Infantry Armor Level 3  
  147  11:18  Terran Ship Weapons Level 2  
  150  11:22  Marine x7  
  150  11:25  Medivac x2, Marine x3  
  164  11:34  Marine x3  
  164  11:35  Marine x4  
  164  11:37  Widow Mine x2  
  164  11:39  Marine  
  176  11:50  Marine x2  
  176  11:51  Marine x4  
  176  11:53  Marine x4  
  176  11:54  Marine x5  
  129  12:05  Widow Mine x2, Marine x2  
  129  12:08  Marine x2  
  137  12:21  Marine x5  
  137  12:22  Marine x6  
  146  12:23  Marine x2  
  146  12:24  Marine x2  
  152  12:40  Marine x4  
  152  12:41  Marine x7  
  152  12:42  Marine x4  
  152  12:43  Marine  
  152  12:44  Marine  
  169  12:48  Planetary Fortress  
  169  13:15  Marine x2  
  169  13:16  Marine x7  
  169  13:17  Marine x7  
  169  13:18  Marine  
  178  13:33  Marine  
  179  13:39  Marine x5  
  179  13:40  Marine x7  
  179  13:41  Marine x2  
  164  13:44  Marine  
  164  13:45  Medivac x2  
  169  13:58  Liberator x2  
  115  14:24  Marine x4  
  115  14:25  Marine x7  
  115  14:26  Marine x4  
  115  14:27  Marine x2  
  115  14:29  SCV x2  
Tags
 
Add a new tag
Caveats
  • Supply blocks, unpowered buildings, or Contaminate may cause inaccurate times.
  • Supply counts are checked every 10 seconds.